 Dungeon Crawl Stone Soup version 0.23.2-33-g5129a83184 (webtiles) character file.

Game seed: 18282153220811087187

213 Gonra the Insei (level 5, -7/34 HPs)
             Began as an Octopode Transmuter on July 20, 2019.
             Was a Follower of Makhleb.
             Mangled by a gnoll
             ... wielding a +0 flail
              (10 damage)
             ... on level 3 of the Dungeon.
             The game lasted 00:06:08 (2474 turns).

Gonra the Insei (Octopode Transmuter)               Turns: 2474, Time: 00:06:09

Health: -7/34      AC:  1    Str: 10    XL:     5   Next: 90%
Magic:  8/8        EV: 14    Int: 15    God:    Makhleb [*.....]
Gold:   139        SH:  0    Dex: 13    Spells: 7/8 levels left

rFire    . . .     SeeInvis .     - Unarmed
rCold    . . .     Gourm    .   (no shield)
rNeg     . . .     Faith    .   (helmet restricted)
rPois    .         Spirit   .   (no amulet)
rElec    .         Reflect  .   q - ring of protection from magic
rCorr    .         Harm     .   (no ring)
MR       +....                  (no ring)
Stlth    ++........             (no ring)
HPRegen  0.11/turn              (no ring)
MPRegen  0.11/turn              (no ring)
                                (no ring)
                                (no ring)

@: no status effects
A: almost no armour, stealthy swim, amphibious, 8 rings, constrict 8, camouflage
1, gelatinous body 1
a: Renounce Religion


You were on level 3 of the Dungeon.
You worshipped Makhleb.
Makhleb was aware of your devotion.
You were hungry.

You visited 1 branch of the dungeon, and saw 3 of its levels.

You collected 139 gold pieces.

Inventory:

Missiles
 a - 44 arrows
 d - a tomahawk (quivered)
 g - a throwing net
Jewellery
 q - a ring of protection from magic (left tentacle)
Scrolls
 e - 3 scrolls of teleportation
 h - 2 scrolls of remove curse
 j - 3 scrolls of amnesia {unknown}
 k - a scroll of magic mapping {unknown}
 n - a scroll of fear {unknown}
 o - a scroll of identify
 p - a scroll of fog
Potions
 f - 2 potions of lignification
 i - a potion of resistance {unknown}
 l - a potion of agility {unknown}
 m - 2 potions of heal wounds {unknown}
Comestibles
 c - 10 rations


   Skills:
 - Level 2.1 Fighting
 - Level 3.1 Dodging
 - Level 4.5 Unarmed Combat
 - Level 2.0 Spellcasting
 + Level 3.5 Transmutations


You had 7 spell levels left.
You knew the following spells:

 Your Spells              Type           Power        Failure   Level  Hunger
a - Beastly Appendage     Tmut           ##....       5%          1    #......

Your spell library contained the following spells:

 Spells                   Type           Power        Failure   Level  Hunger
 Sticks to Snakes         Tmut           ##......     8%          2    ###....
 Spider Form              Tmut/Pois      #.........   32%         3    ###....
 Ice Form                 Ice/Tmut       #.......     71%         4    #####..
 Blade Hands              Tmut           ##........   82%         5    ######.


Dungeon Overview and Level Annotations

Branches:
Dungeon (3/15)

Altars:
Makhleb

Annotations:
D:2 1 runed translucent door, Crazy Yiuf


Innate Abilities, Weirdness & Mutations

You cannot wear most types of armour.
You are very stealthy in the water. (Stealth+)
You are amphibious.
You can wear up to eight rings at the same time.
You can use your tentacles to constrict eight enemies at once.
Your skin changes colour to match your surroundings (Stealth+).
Your rubbery body absorbs attacks. (AC +1, EV +1)


Message History

Your tentacle spike disappears.
The gnoll hits you with a +0 flail!
You see here a gnoll corpse.
You tentacle-slap the gnoll. You grab the gnoll. You squeeze the gnoll.
The gnoll is severely wounded.
You constrict the gnoll. The gnoll hits you with a +0 flail!
You tentacle-slap the gnoll. x2
You kill the gnoll!
Makhleb accepts your kill.
You barely miss the gnoll. Your grab misses the gnoll. The gnoll misses you.
You barely miss the gnoll. Your grab misses the gnoll.
You tentacle-slap the gnoll.
The gnoll is lightly wounded.
The gnoll hits you with a +0 flail!
* * * LOW HITPOINT WARNING * * *
You tentacle-slap the gnoll but do no damage.
You grab the gnoll.
The gnoll is lightly wounded.
You constrict the gnoll. The gnoll hits you with a +0 flail!
You die...

### #.. #.. #.. #..
######..
###################.......
.)....(.g@..).......#.....
#####################.....
##..... ##......
####...)..) #....##....
#)####(...> ######### #.#
#..... ........######.#
#.....


You could see a gnoll.

Vanquished Creatures
  An iguana (D:3)
  A worker ant (D:3)
  3 gnolls (D:3)
  5 adders (D:2)
  2 oozes
  2 dart slugs
  A leopard gecko (D:3)
  2 ball pythons
  5 bats
  3 giant cockroaches
  11 goblins
  10 hobgoblins
  8 jackals
  7 kobolds
  2 quokkas (D:2)
  4 frilled lizards
  5 rats
72 creatures vanquished.

Notes
Turn   | Place    | Note
-------+----------+-------------------------------------------
     0 | D:1      | Gonra the Octopode Transmuter began the quest for the Orb.
     0 | D:1      | Reached XP level 1. HP: 13/13 MP: 3/3
   225 | D:1      | Reached XP level 2. HP: 19/19 MP: 3/5
   537 | D:1      | Reached XP level 3. HP: 18/24 MP: 4/6
   981 | D:2      | Found a burning altar of Makhleb.
  1000 | D:2      | Became a worshipper of Makhleb the Destroyer
  1070 | D:2      | Found a runed translucent door.
  1071 | D:2      | Noticed Crazy Yiuf
  1201 | D:2      | Reached XP level 4. HP: 18/29 MP: 7/7
  1232 | D:2      | Reached * piety under Makhleb
  1560 | D:2      | Reached XP level 5. HP: 11/34 MP: 6/8
  2158 | D:3      | Reached skill level 4 in Unarmed Combat
  2474 | D:3      | Mangled by a gnoll

Skill      XL: |  1  2  3  4  5 |
---------------+----------------+-----
Fighting       | 2 |  2.1
Transmutations | 3 |  3.5
Dodging        | 3 |  3.1
Unarmed Combat | 4 |  4.5
Spellcasting   | |  2.0

Action                   |  1- 3 |  4- 6 || total
-------------------------+-------+-------++-------
Melee: Unarmed           |    67 |    94 ||   161
       Constrict         |    25 |    22 ||    47
       Kick              |    17 |    17 ||    34
       Tentacles         |    11 |    12 ||    23
       Punch             |     1 |     4 ||     5
Throw: Javelin           |       |     4 ||     4
       Tomahawk          |       |     1 ||     1
 Cast: Beastly Appendage |    17 |    13 ||    30
  Use: Scroll            |       |     5 ||     5
       Potion            |       |     1 ||     1
 Stab: Sleeping          |     3 |     4 ||     7
  Eat: Chunk             |     1 |     4 ||     5
Armor: Skin              |     2 |     8 ||    10
Dodge: Dodged            |    48 |    57 ||   105
